 Dungeon Crawl Stone Soup version 0.27.1-4-g1640c2035a (webtiles) character file.

Game seed: 16057837860419733119

450 jjjjhere the Chopper (level 6, -10/57 HPs)
             Began as a Minotaur Berserker on Nov 9, 2021.
             Was a Priest of Trog.
             Splashed by Pikel's acid (15 damage)
             ... on level 4 of the Dungeon.
             The game lasted 00:04:49 (3966 turns).

jjjjhere the Chopper (Minotaur Berserker)           Turns: 3966, Time: 00:04:50

Health: -10/57     AC:  5    Str: 21    XL:     6   Next: 74%
Magic:  5/5        EV: 11    Int:  4    God:    Trog [***...]
Gold:   78         SH:  4    Dex: 12    Spells: 5/5 levels left

rFire    + . .     SeeInvis .   v - +0 war axe
rCold    . . .     Faith    .   n - +0 buckler
rNeg     . . .     Spirit   .   c - +2 ring mail {rF+}
rPois    .         Reflect  .   (helmet restricted)
rElec    .         Harm     .   (no cloak)
rCorr    .         Rampage  .   s - +1 pair of gloves
Will     .....                  (no boots)
Stlth    +.........             (no amulet)
HPRegen  0.19/turn              (no ring)
MPRegen  0.09/turn              (no ring)

@: corroded
A: horns 2, retaliatory headbutt
a: Renounce Religion, Berserk, Trog's Hand


You were on level 4 of the Dungeon.
You worshipped Trog.
Trog was most pleased with you.
You visited 1 branch of the dungeon, and saw 4 of its levels.
You also visited: Sewer.

You collected 78 gold pieces.

Inventory:

Hand Weapons
 a - a +0 hand axe
 v - a +0 war axe (weapon)
Missiles
 p - 4 poisoned darts (quivered)
Armour
 b - a +0 animal skin
 c - a +2 ring mail of fire resistance (worn)
 n - a +0 buckler (worn)
 s - a +1 pair of gloves (worn)
Wands
 t - a wand of iceblast (9)
Scrolls
 d - 2 scrolls of silence {unknown}
 e - 5 scrolls of identify {unknown}
 g - 3 scrolls of holy word {unknown}
 h - 3 scrolls of enchant armour {unknown}
 k - a scroll of noise {unknown}
 q - a scroll of teleportation {unknown}
 u - a scroll of immolation {unknown}
Potions
 f - 3 potions of might {unknown}
 i - 4 potions of mutation {unknown}
 j - a potion of attraction {unknown}
 l - 2 potions of heal wounds {unknown}
 m - 2 potions of curing {unknown}
 o - a potion of experience {unknown}
 r - 2 potions of haste {unknown}


   Skills:
 + Level 5.7 Fighting
 * Level 7.4 Axes
 - Level 2.4 Armour
 - Level 2.1 Dodging
 + Level 2.7 Shields


You had 5 spell levels left.
You didn't know any spells.
Your spell library was empty.

Dungeon Overview and Level Annotations

Branches:
Dungeon (4/15)              Sewer (visited)
 Temple: D:4-7

Altars:

Annotations:
D:4 Pikel


Innate Abilities, Weirdness & Mutations

You have a pair of horns on your head.
You reflexively headbutt those who attack you in melee.


Message History

Trog accepts your kill.
Things that are here:
a +0 short sword; a stone; a kobold corpse A hound comes into view.
A hound is nearby!
A hound is nearby!
The hound barks!
Things that are here:
a +0 short sword; a stone; a kobold corpse
There is a stone staircase leading up here.
The hound bites you but does no damage.
You barely miss the hound. The hound bites you but does no damage.
The hound closely misses you.
You closely miss the hound. You headbutt the hound!
The hound is severely wounded.
The hound closely misses you. The hound misses you.
You closely miss the hound. Your headbutt misses the hound.
The hound is severely wounded.
The hound stops to sniff the ground.
The hound misses you.
You hit the hound.
You kill the hound!
Trog accepts your kill.
Pikel is nearby!
Pikel is nearby!
Throw: 6 darts (poison)
Press: ? - help, Q - select action, (/) - cycle Shift-Dir - straight line, f - Pikel
Aim: Pikel, wielding a +0 whip of freezing, wearing a +0 robe and carrying a wand of acid (8) (51% to hit)
You throw a poisoned dart. The poisoned dart hits Pikel.
Throw: 5 darts (poison)
Press: ? - help, Q - select action, (/) - cycle Shift-Dir - straight line, f/p - Pikel
Aim: Pikel, wielding a +0 whip of freezing, wearing a +0 robe and carrying a wand of acid (8) (51% to hit)
You throw a poisoned dart. The poisoned dart hits Pikel.
Pikel is poisoned.
Pikel zaps a wand.
The bolt of acid hits you! The acid corrodes you!
You are splashed with acid!
There is a stone staircase leading up here.
Pikel zaps a wand.
The bolt of acid hits you!!
* * * LOW HITPOINT WARNING * * *
You are splashed with acid!
You die...

#...
...#........
#..##(..........
#..(...........
#.............
##K..!.........
##..............
#......)........
#...............
#@..............
#...............
#.#.............
#.##............
..####...?......
#.## ####......
#. ###.. ..


You could see Pikel (poisoned).

Vanquished Creatures
  2 lemures (D:3)
  2 kobold brigands (Sewer)
  A scorpion (D:3)
  A hound (D:4)
  3 orc priests (D:3)
  An adder (D:3)
  2 river rats (D:3)
  2 worms
  9 orcs (D:3)
  11 ball pythons
  4 bats
  7 endoplasms
  5 giant cockroaches
  3 goblins
  5 hobgoblins
  7 jackals
  A quokka (D:3)
  5 frilled lizards
  17 kobolds
  9 rats
97 creatures vanquished.

Vanquished Creatures (others)
  A fungus (Sewer)
  6 plants (Sewer)
7 creatures vanquished.

Grand Total: 104 creatures vanquished

Notes
Turn   | Place    | Note
-------+----------+-------------------------------------------
     0 | D:1      | jjjjhere the Minotaur Berserker began the quest for the
                  | Orb.
     0 | D:1      | Reached XP level 1. HP: 19/19 MP: 0/0
   307 | D:1      | Reached skill level 4 in Axes
   379 | D:1      | Reached XP level 2. HP: 26/27 MP: 1/1
   394 | D:1      | Found a faded altar of an unknown god.
   886 | D:2      | Reached ** piety under Trog
   893 | D:2      | HP: 8/27 [poisoned by a kobold]
  1347 | D:2      | Reached XP level 3. HP: 33/33 MP: 2/2
  1712 | D:3      | Found a glowing drain.
  1719 | D:3      | Reached skill level 5 in Axes
  1781 | Sewer    | Entered a sewer
  1899 | Sewer    | Noticed a kobold brigand
  1912 | Sewer    | Killed a kobold brigand
  1913 | Sewer    | Reached skill level 6 in Axes
  1913 | Sewer    | Reached XP level 4. HP: 32/41 MP: 3/3
  2140 | Sewer    | Reached XP level 5. HP: 42/47 MP: 4/4
  2505 | Sewer    | Reached skill level 5 in Fighting
  2518 | Sewer    | Reached skill level 1 in Shields
  2870 | D:3      | Reached *** piety under Trog
  2877 | D:3      | Reached XP level 6. HP: 37/56 MP: 5/5
  2957 | D:3      | Reached skill level 7 in Axes
  3591 | D:4      | Noticed Pikel
  3966 | D:4      | HP: 5/57 [Pikel/bolt of acid (21)]
  3966 | D:4      | Splashed by Pikel's acid

Illustrated notes

Levels and vault maps discovered:
D:1:      co_arrival_square_in_a_square_in_a_square, layout_loops_ring,
          shapermc_ecumenical_altar_pompeii
D:2:      layout_basic
D:3:      layout_loops_ring, portal_sewer_entry_a
D:4:      layout_cave_pods, minmay_temple_entry_oklob, uniq_pikel

Skill      XL: |  1  2  3  4  5  6 |
---------------+-------------------+-----
Axes           | 4 6 7 |  7.4
Fighting       | 4 5 |  5.7
Shields        | 1 2 |  2.7
Armour         | |  2.4
Dodging        | |  2.1

Action                   |  1- 3 |  4- 6 || total
-------------------------+-------+-------++-------
Melee: Hand axe          |    79 |    88 ||   167
       Headbutt          |    17 |    21 ||    38
       War axe           |       |    34 ||    34
Throw: Dart              |       |    10 ||    10
Invok: Berserk           |     1 |     2 ||     3
Armor: Ring mail         |    36 |    51 ||    87
Dodge: Dodged            |    52 |    73 ||   125
Block: Buckler           |       |    21 ||    21
